Map: Waterfall

Players

Mars

  • Race: Terran Terran
  • Spawn Location: 7:00

Xana - Winner!

  • Race: Zerg Zerg
  • League: Bronze
  • Spawn Location: 1:00

VOD

Have the link to the VOD?

Description

Time

  • Played on: July 27, 2022, 2:06 p.m.
  • Length: 9:27
Show
View Real Time Build Order
Export as new Build Order

Mars Terran 

Build Orders:  

Get SALT Encoding   

  12  0:06  SCV  
  13  0:19  SCV  
  14  0:30  Supply Depot  
  14  0:42  Refinery  
  14  0:43  SCV  
  15  0:54  Barracks  
  15  0:55  SCV  
  16  1:00  Refinery  
  16  1:07  SCV  
  17  1:25  SCV  
  18  1:41  Orbital Command  
  18  1:48  Barracks Reactor  
  18  2:02  Command Center  
  18  2:16  Supply Depot  
  18  2:25  Marine x2  
  20  2:31  SCV  
  21  2:43  SCV  
  22  2:55  Barracks  
  22  2:56  SCV  
  23  3:07  Refinery  
  23  3:08  SCV  
  23  3:10  Refinery  
  24  3:20  SCV  
  24  3:25  SCV  
  26  3:31  Marine x2  
  26  3:32  SCV  
  29  3:37  SCV  
  30  3:44  SCV  
  30  3:47  Supply Depot  
  31  3:48  Marine  
  31  3:49  SCV  
  31  3:50  Barracks Tech Lab  
  33  3:56  SCV  
  33  4:01  SCV  
  35  4:03  Factory  
  35  4:08  SCV  
  36  4:13  SCV  
  36  4:15  Stimpack  
  37  4:20  SCV  
  37  4:24  Marauder  
  40  4:25  SCV  
  41  4:32  SCV  
  41  4:38  SCV  
  43  4:45  Marauder  
  45  4:48  Engineering Bay, Factory Tech Lab  
  45  4:50  SCV  
  46  5:02  SCV  
  46  5:06  Marine x2, Marauder  
  51  5:14  SCV  
  51  5:15  Hellion  
  54  5:23  Neosteel Armor  
  54  5:30  Supply Depot  
  54  5:36  Supply Depot  
  54  5:52  Marine x2, SCV  
  54  5:55  Combat Shield  
  58  6:04  SCV  
  58  6:09  Marine x2  
  60  6:24  Planetary Fortress  
  60  6:27  Marine x2, Siege Tank  
  60  6:30  Marauder  
  67  6:32  Mag-Field Accelerator  
  67  6:49  Engineering Bay  
  67  6:51  Marauder  
  69  6:55  Supply Depot  
  69  6:57  Supply Depot  
  69  7:03  SCV, Terran Infantry Armor Level 1  
  70  7:13  Concussive Shells  
  70  7:16  Marine, SCV, Siege Tank  
  60  7:34  Marine  
  48  7:46  Starport  
  48  7:48  Siege Tank  
  50  7:52  Marine  
  47  8:09  Marine  
  48  8:20  Siege Tank  
  50  8:27  Marine  
  48  8:45  Marine  
  48  8:53  Siege Tank  
  39  9:03  Marauder  
  31  9:12  Starport Tech Lab  
Show
View Real Time Build Order
Export as new Build Order

Xana Zerg - Winner!

Build Orders: Hatch First 

Get SALT Encoding   

  12  0:00  Drone  
  13  0:12  Overlord  
  13  0:16  Drone  
  14  0:31  Drone x2  
  16  0:52  Hatchery  
  16  0:56  Drone  
  16  0:57  Drone  
  16  1:03  Drone  
  18  1:12  Extractor  
  17  1:19  Spawning Pool  
  17  1:22  Drone  
  18  1:25  Drone  
  18  1:29  Drone  
  19  1:39  Drone  
  20  1:50  Drone  
  21  2:05  Queen  
  21  2:06  Queen  
  25  2:08  Overlord  
  25  2:14  Metabolic Boost  
  25  2:16  Zergling x2  
  25  2:19  Drone  
  25  2:20  Drone  
  28  2:40  Hatchery  
  28  2:42  Drone  
  28  2:43  Drone  
  29  2:52  Queen  
  31  2:59  Queen  
  31  3:04  Overlord  
  33  3:09  Overlord  
  33  3:11  Drone  
  34  3:13  Drone  
  34  3:16  Drone  
  36  3:28  Drone x2  
  36  3:29  Drone  
  36  3:32  Queen  
  41  3:43  Queen  
  41  3:44  Drone x2  
  41  3:45  Drone  
  41  3:46  Drone  
  41  3:48  Drone  
  48  3:54  Drone x2  
  50  4:08  Drone  
  50  4:09  Drone  
  52  4:18  Queen  
  52  4:19  Queen  
  52  4:21  Queen  
  58  4:25  Overlord  
  58  4:26  Overlord  
  58  4:44  Drone x6  
  58  4:45  Drone x2  
  66  4:46  Drone x4  
  70  4:59  Drone  
  72  5:00  Drone x3  
  74  5:08  Spore Crawler  
  74  5:10  Spore Crawler  
  74  5:13  Spore Crawler  
  71  5:22  Drone x3  
  71  5:23  Overlord x2  
  71  5:26  Lair  
  74  5:32  Overlord x2  
  74  5:35  Extractor  
  73  5:38  Extractor x2  
  71  5:44  Drone  
  71  5:45  Baneling Nest  
  71  5:46  Drone x2  
  73  5:51  Drone  
  73  5:52  Drone x2  
  73  5:53  Drone x3  
  73  5:55  Drone  
  80  6:07  Drone x3  
  80  6:09  Drone x2  
  80  6:11  Drone  
  86  6:16  Extractor x2  
  83  6:19  Drone  
  83  6:20  Drone x3  
  83  6:23  Overlord  
  87  6:28  Drone  
  87  6:29  Centrifugal Hooks  
  88  6:47  Overlord x3  
  88  6:53  Overlord x2  
  88  6:54  Overseer  
  88  6:56  Zergling x12  
  94  7:04  Zergling x20  
  104  7:11  Zergling x4  
  106  7:16  Baneling  
  106  7:17  Baneling x3  
  106  7:19  Baneling x7  
  103  7:43  Overlord x5  
  103  7:45  Zergling x18  
  105  7:59  Zergling x2  
  105  8:00  Zergling x12  
  105  8:02  Baneling x5  
  105  8:03  Baneling x2  
  112  8:06  Baneling x10  
  112  8:07  Baneling x8  
  112  8:10  Zergling x2  
  112  8:11  Zergling x6  
  116  8:25  Zergling x20  
  119  8:47  Zergling x20  
Tags
 
League
Bronze
Matchup
TvZ
Spawn Locations
Cross Positions
Add a new tag
Caveats
  • Supply blocks, unpowered buildings, or Contaminate may cause inaccurate times.
  • Supply counts are checked every 10 seconds.